Map: [ESL] Post-Youth

Players

Has - Winner!

  • Race: Protoss Protoss
  • Spawn Location: 1:00

Silky

  • Race: Zerg Zerg
  • Spawn Location: 7:00

Event: ESL SC2 Masters 2024 Spring (Regional)

VOD

Have the link to the VOD?

Description

Time

  • Played on: April 20, 2024, 8:39 a.m.
  • Length: 6:37

All games in this series

Show
View Real Time Build Order
Export as new Build Order

Has Protoss - Winner!

Build Orders: 1 Gate Expand 

Get SALT Encoding   

  12  0:00  Probe  
  13  0:12  Probe  
  14  0:18  Pylon  
  14  0:24  Probe (Chrono Boost)  
  15  0:37  Probe (Chrono Boost), Gateway  
  16  0:43  Probe (Chrono Boost)  
  16  0:46  Assimilator  
  17  0:52  Probe  
  18  1:04  Probe  
  20  1:22  Nexus  
  19  1:33  Cybernetics Core  
  19  1:37  Probe  
  20  1:47  Pylon  
  20  1:49  Probe  
  21  2:01  Probe  
  21  2:07  Stalker (Chrono Boost)  
  22  2:13  Probe  
  25  2:16  Robotics Facility  
  25  2:26  Probe (Chrono Boost)  
  25  2:32  Gateway  
  25  2:35  Probe (Chrono Boost)  
  26  2:44  Probe (Chrono Boost)  
  27  2:52  Adept (Chrono Boost)  
  27  2:56  Gateway  
  29  3:00  Gateway  
  29  3:06  Shield Battery  
  29  3:12  Shield Battery  
  29  3:19  Pylon  
  29  3:21  Cybernetics Core  
  31  3:31  Immortal (Chrono Boost)  
  33  3:39  Probe  
  34  3:47  Zealot x2  
  34  3:48  Zealot  
  40  3:54  Warp Gate (Chrono Boost)  
  40  4:05  Warp Prism (Chrono Boost)  
  42  4:11  Gateway  
  42  4:12  Gateway  
  42  4:23  Gateway  
  42  4:32  Gateway  
  42  4:36  Immortal (Chrono Boost)  
  46  4:38  Zealot  
  46  4:43  Zealot  
  50  4:51  Pylon  
  50  4:52  Pylon  
  50  5:03  Probe  
  51  5:12  Pylon  
  51  5:15  Probe  
  52  5:32  Zealot x8  
  68  5:53  Pylon  
  68  5:55  Zealot x3  
  68  5:56  Zealot x3  
  68  6:05  Zealot x2  
  66  6:27  Zealot x6  
Show
View Real Time Build Order
Export as new Build Order

Silky Zerg 

Build Orders: Pool First 

Get SALT Encoding   

  12  0:00  Drone  
  13  0:12  Overlord  
  13  0:17  Drone  
  14  0:32  Drone x2  
  16  0:37  Extractor  
  16  0:40  Drone  
  16  0:47  Spawning Pool  
  15  0:52  Drone  
  16  1:17  Hatchery  
  15  1:21  Drone  
  16  1:34  Zergling x2  
  16  1:39  Metabolic Boost  
  17  1:40  Zergling x2  
  17  1:47  Zergling x2  
  19  1:54  Queen  
  19  2:01  Overlord  
  21  2:07  Zergling x2  
  22  2:23  Zergling x4  
  24  2:31  Zergling x2  
  24  2:32  Zergling x2  
  26  2:40  Zergling x2  
  26  2:41  Zergling x2  
  28  3:02  Drone  
  28  3:03  Drone x3  
  31  3:18  Drone x4  
  31  3:27  Queen  
  31  3:33  Drone x2  
  34  3:37  Drone  
  35  3:50  Hatchery  
  35  3:52  Overlord  
  34  3:56  Drone  
  34  3:57  Overlord  
  35  4:14  Roach Warren  
  35  4:15  Drone x3  
  35  4:16  Zergling x4  
  39  4:19  Queen  
  39  4:22  Zergling x2  
  42  4:27  Extractor  
  42  4:30  Queen  
  43  4:32  Overlord  
  43  4:38  Zergling x8  
  47  4:40  Zergling x2  
  47  4:45  Zergling x2  
  49  4:53  Overlord  
  49  4:56  Roach x3  
  55  5:01  Roach x2  
  59  5:07  Overlord  
  59  5:16  Zergling x6  
  59  5:21  Queen  
  62  5:24  Roach x2  
  62  5:27  Roach  
  70  5:30  Roach  
  70  5:31  Roach  
  70  5:32  Zergling x2  
  75  5:37  Roach  
  76  5:43  Roach  
  76  5:45  Roach  
  77  5:51  Roach  
  75  6:00  Zergling x6  
  69  6:04  Roach  
  69  6:07  Zergling x2  
  62  6:14  Roach  
Tags
 
Add a new tag
Caveats
  • Supply blocks, unpowered buildings, or Contaminate may cause inaccurate times.
  • Supply counts are checked every 10 seconds.